 Dungeon Crawl Stone Soup version 0.30-a0-715-gdb4ae3ece1 (webtiles) character file.

Game seed: 11492671694085374817

40896 funkygono the Arsonist (level 14, -7/74 HPs)
             Began as a Gargoyle Fire Elementalist on Jan 23, 2023.
             Was an Elder of Vehumet.
             Killed from afar by a rime drake (28 damage)
             ... with an icy flash freeze
             ... on level 5 of the Lair of Beasts.
             The game lasted 00:37:59 (19809 turns).

funkygono the Arsonist (GrFE)                      Turns: 19809, Time: 00:38:00

Health: -7/74      AC: 25    Str: 13    XL:     14   Next: 13%
Magic:  3/31       EV: 17    Int: 20    God:    Vehumet [****..]
Gold:   1036       SH:  5    Dex: 10    Spells: 1/39 levels left

rFire   + . .      SeeInvis .    D - +5 whip (venom)
rCold   x . .      Faith    .    (no shield)
rNeg    + . .      Spirit   .    N - +1 acid dragon scales
rPois   ∞          Reflect  +    h - +1 helmet
rElec   +          Harm     .    I - +1 cloak
rCorr   +          Rampage  .    G - +1 pair of gloves "Orhumu" {rElec}
Will    +....                    (no boots)
Stlth   +                        k - amulet of reflection
HPRegen 0.32/turn                w - +5 ring of evasion
MPRegen 0.22/turn                c - ring of fire

@: flying
A: sickness immunity, AC +10, big wings, negative energy resistance 1,
electricity resistance, torment resistance 1, petrification resistance
a: Renounce Religion


You were on level 5 of the Lair of Beasts.
You worshipped Vehumet.
Vehumet was greatly pleased with you.
You visited 3 branches of the dungeon, and saw 17 of its levels.
You also visited: Bailey and Volcano.

You collected 1060 gold pieces.
You spent 24 gold pieces at shops.

Inventory:

Hand Weapons
 D - a +5 whip of venom (weapon)
 F - the +1 great mace of Theory {flame, Fly}
   (You found it in a bailey)

   Fly:       It grants you flight.
 J - a +0 mace of protection
Armour
 h - a +1 helmet (worn)
 m - +0 steam dragon scales
 o - a +2 robe of cold resistance
 v - a scarf of harm
 G - the +1 pair of gloves "Orhumu" (worn) {rElec}
   (You found it in a bailey)

   rElec:     It insulates you from electricity.
 I - a +1 cloak (worn)
 L - a +1 troll leather armour
 N - +1 acid dragon scales (worn)
Magical Staves
 n - a staff of death
Jewellery
 c - a ring of fire (right hand)
 k - an amulet of reflection (around neck)
 w - a +5 ring of evasion (left hand)
 B - a ring of resist corrosion
 C - a ring of flight
 R - a +5 ring of evasion
Wands
 f - a wand of polymorph (3)
 g - a wand of digging (3)
 p - a wand of charming (5)
 s - a wand of roots (10)
 u - a wand of flame (32)
 y - a wand of light (2)
Scrolls
 d - 3 scrolls of magic mapping
 H - a scroll of fog
 P - 2 scrolls of poison
Potions
 b - 5 potions of magic
 e - 2 potions of cancellation
 j - 3 potions of curing
 l - 5 potions of flight
 q - 3 potions of brilliance
 r - 2 potions of mutation
 t - a potion of attraction
 x - a potion of berserk rage
 A - a potion of lignification {unknown}
 O - 3 potions of haste
 U - 2 potions of might
Miscellaneous
 i - a phial of floods


   Skills:
 + Level 3.3 Fighting
 + Level 2.8 Maces & Flails
 + Level 5.4 Armour
 + Level 5.3 Dodging
 - Level 2.1 Stealth
 + Level 3.8 Shields
 + Level 13.4 Spellcasting
 + Level 9.9 Conjurations
 + Level 13.8 Fire Magic
 * Level 5.3 Earth Magic
 + Level 0.1 Evocations


You had one spell level left.
You knew the following spells:

 Your Spells              Type           Power      Damage    Failure   Level
a - Foxfire               Conj/Fire      100%       2x1d9     1%          1
b - Scorch                Fire           100%       2d10      1%          2
c - Kindle Blastsparks    Fire/Tloc/Air  94%        2d17      1%          3
d - Flame Wave            Conj/Fire      75%        2d17      1%          4
e - Kiss of Death         Conj/Necr      100%       2d13      1%          1
f - Sandblast             Erth           70%        2d15      1%          1
g - Ignite Poison         Fire/Tmut/Pois 47%        N/A       1%          3
h - Sticky Flame          Conj/Fire      75%        2d9       1%          4
i - Iskenderun's Mystic   Conj/Tloc      33%        2d8       2%          4
j - Iron Shot             Conj/Erth      22%        9d5       12%         6
k - Starburst             Conj/Fire      37%        6d11      2%          6
l - Stone Arrow           Conj/Erth      88%        3d12      1%          3

Your spell library contained the following spells:

 Spells                   Type           Power      Damage    Failure   Level
 Shock                    Conj/Air       100%       1d9       1%          1
 Summon Small Mammal      Summ           52%        N/A       7%          1
 Searing Ray              Conj           100%       2d8       1%          2
 Dazzling Flash           Conj/Hex       66%        N/A       1%          3
 Inner Flame              Hex/Fire       58%        N/A       1%          3
 Iskenderun's Battlesphe  Conj           52%        2d10      1%          5
 Airstrike                Air            6%         2d(1-17)  17%         4
 Call Canine Familiar     Summ           13%        N/A       21%         3
 Summon Guardian Golem    Hex/Summ       13%        N/A       21%         3
 Swiftness                Air            13%        N/A       21%         3
 Tukima's Dance           Hex            13%        N/A       21%         3
 Animate Armour           Summ/Erth      48%        N/A       22%         4
 Yara's Violent Unravell  Hex/Tmut       6%         3d5       41%         5
 Dispel Undead            Necr           13%        3d9       56%         4
 Passage of Golubria      Tloc           13%        N/A       56%         4
 Lehudib's Crystal Spear  Conj/Erth      22%        10d6      98%         8
 Death Channel            Necr           6%         N/A       100%        6
 Cigotuvi's Dreadful Rot  Necr/Pois/Air  Unusable   N/A       N/A         2

Dungeon Overview and Level Annotations

Branches:
Dungeon (11/15)            Temple (1/1) D:5            Lair (5/5) D:11
  Swamp (0/4) Lair:2       Spider (0/4) Lair:2        Slime (0/5) Lair:4
    Orc (0/2) D:9          Bailey (visited)         Volcano (visited)

Altars:
Ashenzari
Cheibriados
Dithmenos
Elyvilon
Fedhas
Gozag
Hepliaklqana
Kikubaaqudgha
Makhleb
Nemelex Xobeh
Okawaru
Qazlal
Ru
Sif Muna
Trog
Uskayaw
Vehumet
Wu Jian
Xom
Yredelemnul
Zin
The Shining One
Jiyva

Shops:
D:2 *

Annotations:
D:10 2 transporters, exclusion: ice statue, kae's ghost, journeyman DsTm


Innate Abilities, Weirdness & Mutations

You are immune to sickness and miasma.
Your stone body is resilient. (AC +10)
You are immune to poison.
Your large and strong wings let you fly.
You resist negative energy. (rN+)
You are resistant to electric shocks. (rElec)
You are resistant to unholy torment.
You are immune to petrification.


Message History

The foxfire hits the komodo dragon but does no damage.
The komodo dragon is moderately wounded.
The foxfire hits the komodo dragon but does no damage.
The komodo dragon is moderately wounded.
A rime drake comes into view.
Unknown command.
You hit the komodo dragon but do no damage.
The komodo dragon is poisoned.
The komodo dragon is moderately wounded.
The komodo dragon closely misses you.
Casting: Scorch (safe; 1% risk of failure)
Confirm with . or Enter, or press ? or * to list all spells.
You feel a surge of power!
You conjure some foxfire!
The komodo dragon is no longer more vulnerable to fire.
The komodo dragon bites you but does no damage.
Casting: Foxfire (safe; 1% risk of failure)
Confirm with . or Enter, or press ? or * to list all spells.
Casting: Flame Wave (safe; 1% risk of failure)
Press: ? - help, Dir - look around, f - activate You feel a surge of power!
A wave of flame ripples out!
The flame wave engulfs the komodo dragon but does no damage.
The komodo dragon is moderately wounded.
The flame wave engulfs your foxfire.
Your foxfire completely resists.
The flame wave engulfs your foxfire.
Your foxfire completely resists. (Press . to intensify the flame waves.)
The foxfire hits the komodo dragon but does no damage.
The komodo dragon is moderately wounded.
The foxfire hits the komodo dragon but does no damage.
The komodo dragon is moderately wounded.
The komodo dragon bites you but does no damage.
Unknown command.
A wave of flame ripples out!
The flame wave engulfs the rime drake!!
The rime drake is severely wounded.
The flame wave engulfs the komodo dragon but does no damage.
The komodo dragon is moderately wounded.
The rime drake breathes ice at you. The icy flash freeze hits you!!
You feel a painful chill!
You die...
YY.....

....... F..Y...
....†.. ....§..###
.......#.## ###
......††#.###.##
.......†#.k##..###
..........l@§....#
.................#
..#..............#
.⌠.##............####
..l #...........[#..#
.< #.............###
#........<...##
....#)##.#...# .P##
###.###


You could see a komodo dragon (poisoned) and a rime drake (catching breath).

Vanquished Creatures
  Fannar (Lair:3)
  A catoblepas (Lair:5)
  2 hydras
  Erica (D:8)
  A two-headed ogre (D:9)
  6 death yaks
  Urug (Lair:3)
  Nergalle (Lair:3)
  A bog body (Lair:2)
  Pikel (D:9)
  29 elephants
  Joseph (D:9)
  A black mamba (Lair:1)
  A gargoyle (Bailey)
  An unseen horror (D:11)
  Maggie (D:8)
  5 cane toads
  An efreet (Volcano)
  4 rime drakes
  7 komodo dragons
  5 polar bears
  A hornet (Lair:1)
  6 trolls
  Prince Ribbit (D:5)
  4 dream sheep (Lair:5)
  3 blink frogs (Lair:2)
  25 yaks
  2 culicivoras (Lair:2)
  3 vampires
  3 wyverns
  A spriggan (Lair:2)
  2 wraiths
  3 fire elementals (Volcano)
  4 steam dragons
  3 swamp worms (Lair:2)
  3 acid dragons
  7 water moccasins
  An orc warrior (D:7)
  3 black bears
  4 ice beasts (D:11)
  2 sky beasts
  3 centaurs
  An ogre (D:5)
  6 wolves (Lair:1)
  A lemure (D:9)
  A phantom (D:5)
  2 kobold brigands
  8 bullfrogs
  A necrophage (D:7)
  2 gnoll sergeants
  A scorpion (D:5)
  9 killer bees
  4 electric eels
  8 vampire bats (Bailey)
  5 wolf zombies (Bailey)
  7 howler monkeys
  4 jellies
  2 hounds (D:7)
  2 iguanas (D:5)
  3 orc priests
  5 orc wizards
  9 gnolls
  5 adders
  A white imp (D:7)
  2 worms
  4 dart slugs
  28 orcs
  6 bats
  4 endoplasms
  2 giant cockroaches
  7 goblins
  4 hobgoblins
  6 jackals
  4 quokkas
  4 ball pythons
  A frilled lizard (D:1)
  14 kobolds
  18 orc zombies (Bailey)
  5 rats
  2 bushes
  A butterfly (Lair:3)
355 creatures vanquished.

Vanquished Creatures (collateral kills)
  3 foxfires
3 creatures vanquished.

Vanquished Creatures (others)
  A bush (Lair:3)
  1192 foxfires
  20 fungi
  22 plants
1235 creatures vanquished.

Grand Total: 1593 creatures vanquished

Notes
Turn   | Place    | Note
-------+----------+-------------------------------------------
     0 | D:1      | funkygono the Gargoyle Fire Elementalist began the quest
                  | for the Orb.
     0 | D:1      | Reached XP level 1. HP: 10/10 MP: 3/3
   379 | D:1      | Reached XP level 2. HP: 15/15 MP: 0/5
   452 | D:1      | Found a faded altar of an unknown god.
   467 | D:1      | Learned a level 2 spell: Scorch
   940 | D:1      | Reached XP level 3. HP: 19/19 MP: 3/6
  1890 | D:2      | Reached XP level 4. HP: 24/24 MP: 0/8
  2109 | D:2      | Found Amargh's General Store.
  2380 | D:2      | Learned a level 3 spell: Kindle Blastsparks
  3501 | D:4      | Found a shimmering blue altar of Sif Muna.
  3521 | D:4      | Reached XP level 5. HP: 7/28 MP: 1/10
  4315 | D:5      | Entered Level 5 of the Dungeon
  4371 | D:5      | Reached skill level 1 in Armour
  4371 | D:5      | Reached XP level 6. HP: 29/33 MP: 2/11
  4376 | D:5      | Learned a level 4 spell: Flame Wave
  4846 | D:5      | Found a staircase to the Ecumenical Temple.
  4855 | D:5      | Noticed Prince Ribbit
  4880 | D:5      | Reached skill level 1 in Fighting
  4880 | D:5      | Reached skill level 5 in Fire Magic
  4880 | D:5      | Reached XP level 7. HP: 16/38 MP: 6/13
  4881 | D:5      | Killed Prince Ribbit
  4992 | Temple   | Entered the Ecumenical Temple
  5036 | Temple   | Became a worshipper of Vehumet
  5716 | D:6      | Found a sacrificial altar of Ru.
  5732 | D:6      | Found an opulent altar of Gozag.
  5780 | D:6      | Reached skill level 5 in Spellcasting
  6109 | D:6      | Reached XP level 8. HP: 44/44 MP: 8/15
  6514 | D:7      | Found a flagged portal.
  6526 | Bailey   | Entered a bailey
  7083 | Bailey   | Reached * piety under Vehumet
  7083 | Bailey   | Offered knowledge of Kiss of Death by Vehumet.
  7171 | Bailey   | Reached skill level 1 in Shields
  7360 | Bailey   | Identified the +0 chain mail of the Crypt {rN+ Int+2 Dex+3}
  7444 | Bailey   | Noticed a vampire
  7455 | Bailey   | Killed a vampire
  7456 | Bailey   | Reached XP level 9. HP: 23/48 MP: 3/18
  7458 | Bailey   | Learned a level 1 spell: Kiss of Death
  7548 | Bailey   | Identified the +1 great mace of Theory {flame, Fly}
  7553 | Bailey   | Identified the +1 pair of gloves "Orhumu" {rElec}
  7573 | Bailey   | Noticed a gargoyle
  7578 | Bailey   | Killed a gargoyle
  7579 | Bailey   | Reached skill level 5 in Conjurations
  8117 | D:7      | Offered knowledge of Sandblast by Vehumet.
  8158 | D:7      | Reached ** piety under Vehumet
  8237 | D:7      | Found a snail-covered altar of Cheibriados.
  8703 | D:7      | Learned a level 1 spell: Sandblast
  8804 | D:8      | Reached XP level 10. HP: 53/53 MP: 9/21
  8902 | D:8      | Noticed Erica
  8910 | D:8      | Noticed Maggie
  8913 | D:8      | Killed Erica
  8914 | D:8      | Reached skill level 1 in Maces & Flails
  8924 | D:8      | Killed Maggie
  9723 | D:8      | Found an iron altar of Okawaru.
  9866 | D:9      | Found a staircase to the Orcish Mines.
  9882 | D:9      | Noticed Joseph
  9891 | D:9      | Killed Joseph
 10006 | D:9      | Noticed Pikel
 10014 | D:9      | Killed Pikel
 10016 | D:9      | Offered knowledge of Ignite Poison by Vehumet.
 10019 | D:9      | Noticed a two-headed ogre
 10057 | D:9      | Killed a two-headed ogre
 10058 | D:9      | Reached XP level 11. HP: 42/57 MP: 2/24
 10263 | D:9      | Reached skill level 10 in Fire Magic
 10272 | D:9      | Learned a level 3 spell: Ignite Poison
 10360 | D:9      | Found a broken altar of Ashenzari.
 10891 | D:10     | Entered Level 10 of the Dungeon
 10934 | D:10     | Found a shimmering altar of Xom.
 10956 | D:10     | Noticed a two-headed ogre
 11022 | D:10     | Noticed a two-headed ogre
 11048 | D:10     | Found a transporter.
 11055 | D:10     | Noticed kae's ghost (journeyman DsTm)
 11068 | D:10     | Noticed a manticore
 11094 | D:10     | Found a transporter.
 11119 | D:10     | Reached *** piety under Vehumet
 11361 | D:10     | Reached skill level 10 in Spellcasting
 12094 | D:11     | Offered knowledge of Sticky Flame by Vehumet.
 12148 | D:11     | Found a staircase to the Lair.
 12757 | D:11     | Learned a level 4 spell: Sticky Flame
 12901 | Lair:1   | Entered Level 1 of the Lair of Beasts
 12910 | Lair:1   | Noticed a death yak
 12911 | Lair:1   | Noticed a death yak
 12913 | Lair:1   | Noticed a death yak
 12916 | Lair:1   | Noticed a death yak
 12918 | Lair:1   | Noticed a death yak
 12938 | Lair:1   | Killed a death yak
 12939 | Lair:1   | Killed a death yak
 12941 | Lair:1   | Killed a death yak
 12942 | Lair:1   | Killed a death yak
 12943 | Lair:1   | Reached XP level 12. HP: 36/62 MP: 21/27
 12944 | Lair:1   | Killed a death yak
 13158 | Lair:1   | Reached **** piety under Vehumet
 13290 | Lair:1   | Offered knowledge of Iskenderun's Mystic Blast by Vehumet.
 13560 | Lair:1   | Found a dark tunnel.
 13570 | Volcano  | Entered a volcano
 13822 | Volcano  | Reached skill level 1 in Earth Magic
 13939 | Volcano  | HP: 3/64 [efreet/fireball (6)]
 14776 | Lair:1   | Learned a level 4 spell: Iskenderun's Mystic Blast
 14806 | Lair:2   | Noticed a boulder beetle
 14812 | Lair:1   | a boulder beetle changed into a hornet
 14986 | Lair:2   | Found a hole to the Spider Nest.
 15232 | Lair:2   | Reached XP level 13. HP: 68/68 MP: 13/29
 15254 | Lair:2   | Reached skill level 5 in Armour
 15270 | Lair:2   | Reached ***** piety under Vehumet
 15270 | Lair:2   | Offered knowledge of Iron Shot by Vehumet.
 15285 | Lair:2   | Reached skill level 5 in Dodging
 15292 | Lair:2   | Learned a level 6 spell: Iron Shot
 16129 | Lair:2   | Found a staircase to the Swamp.
 16630 | D:2      | Bought a scroll of identify for 24 gold pieces
 17433 | Lair:3   | Noticed Urug
 17456 | Lair:3   | Killed Urug
 17904 | Lair:3   | Noticed Nergalle
 17914 | Lair:3   | Killed Nergalle
 17923 | Lair:3   | Noticed Fannar
 18031 | Lair:3   | HP: 3/68 [Fannar/staff of cold (18)]
 18033 | Lair:3   | Killed Fannar
 18702 | Lair:3   | Identified a scroll of acquirement
 18702 | Lair:3   | Acquired funkygono's Reference Book on the Salvo
 18711 | Lair:3   | Learned a level 6 spell: Starburst
 19059 | Lair:4   | Reached skill level 5 in Earth Magic
 19216 | Lair:4   | Gained mutation: Your large and strong wings let you fly.
                  | [Gargoyle growth]
 19216 | Lair:4   | Reached XP level 14. HP: 71/74 MP: 18/31
 19569 | Lair:4   | Found a viscous altar of Jiyva.
 19569 | Lair:4   | Found a staircase to the Slime Pits.
 19730 | Lair:4   | Learned a level 3 spell: Stone Arrow
 19750 | Lair:5   | Entered Level 5 of the Lair of Beasts
 19809 | Lair:5   | Killed from afar by a rime drake

Illustrated notes

Levels and vault maps discovered:
D:1:      co_arrival_random_square_maze, layout_basic,
          dreamdust_ecumenical_altar_statues
D:2:      layout_basic, serial_shops, nicolae_shop_statue_plus, minmay_bisected
D:3:      layout_loops_cross
D:4:      layout_loops_ring, kennysheep_orc_sif_temple, serial_glass,
          glass_columns_a, glass_columns_b, grunt_decor_resistance
D:5:      layout_basic, minmay_temple_entry_crystal_x, uniq_prince_ribbit1
D:6:      layout_basic, mainiacjoe_overflow_catch_the_wave, hex_large,
          feat_on_display
D:7:      layout_rooms, slow_altar_1, enter_bailey_6
D:8:      layout_loops_ring, kennysheep_okawaru_gauntlet, st_stairs_5,
          uniq_maggie, uniq_erica
D:9:      layout_loops_ring, evilmike_ruin_ashenzari, david_orc_2, uniq_joseph,
          uniq_pikel
D:10:     layout_basic, dk_xom_monty_hall, nzn_ghost_randoct
D:11:     layout_layer_cave, hellmonk_lair_entry_icy
Temple:   bh_familiar_temple
Lair:1:   layout_loops_ring, nicolae_volcano_entry_two_sided
Lair:2:   layout_regular_city, nicolae_swamp_entry_splash_gauntlet,
          hellmonk_spider_entry_life_and_decay, grunt_forest_large_clearing_hut,
          grunt_megastairs_3, infiniplex_staircase_pool_2
Lair:3:   layout_cave_pods, minmay_hedge_maze, chequers_serial_rivers_micro_b,
          grunt_forest_small_clearing_treed, grunt_megastairs_4,
          lemuel_fruit_fields, uniq_nergalle, uniq_urug, uniq_fannar
Lair:4:   layout_regular_city, dpeg_slime_entry_enclosed
Lair:5:   hangedman_lair_in_review, layout_small_grid,
          nzn_masters_of_martial_movement, grunt_megastairs_2,
          infiniplex_staircase_pool

Skill      XL: |  1  2  3  4  5  6  7  8  9 10 11 12 13 |
---------------+----------------------------------------+-----
Spellcasting   | 3 4 5 6 7 9 11 12 13 | 13.4
Conjurations   | 2 3 4 6 7 8 9 |  9.9
Fire Magic     | 4 5 6 8 9 11 12 13 | 13.8
Armour         | 1 2 3 4 5 |  5.4
Dodging        | 2 3 4 5 |  5.3
Fighting       | 1 2 3 |  3.3
Shields        | 1 2 3 |  3.8
Maces & Flails | 1 2 |  2.8
Earth Magic    | 2 5 |  5.3
Stealth        | |  2.1
Evocations     | |  0.1

Action                     |  1- 3 |  4- 6 |  7- 9 | 10-12 | 13-15 || total
---------------------------+-------+-------+-------+-------+-------++-------
  Melee: Unarmed           |     6 |       |       |       |       ||     6
         Short sword       |     3 |       |       |       |       ||     3
         Club              |     8 |     8 |       |       |       ||    16
         Flail             |       |     4 |       |       |       ||     4
         Whip              |       |       |    14 |    76 |    28 ||   118
         Punch             |       |       |       |     1 |       ||     1
   Cast: Foxfire           |    56 |    93 |   182 |   241 |   122 ||   694
         Scorch            |       |    16 |    49 |    69 |    59 ||   193
         Kiss of Death     |       |       |     1 |       |       ||     1
         Flame Wave        |       |       |       |    32 |    34 ||    66
         Sandblast         |       |       |       |    52 |       ||    52
  Evoke: Wand              |       |       |       |     3 |       ||     3
    Use: Potion            |       |     2 |       |     5 |     1 ||     8
         Scroll            |       |       |    18 |     7 |    15 ||    40
 Armour: Robe              |     8 |       |       |       |       ||     8
         Leather armour    |     2 |    27 |    40 |     1 |       ||    70
         Steam dragon scal |       |       |       |    13 |       ||    13
         Acid dragon scale |       |       |       |    80 |    83 ||   163
         Troll leather arm |       |       |       |     2 |       ||     2
  Dodge: Dodged            |    20 |    42 |    90 |   200 |   146 ||   498
  Block: Other             |     3 |    14 |    23 |    64 |    41 ||   145
         Reflection        |       |     1 |       |     3 |       ||     4

Table legend: (Time is in decaauts)
 A = Elapsed time spent in this place.
 B = Non-inter-level travel time spent in this place.
 C = Inter-level travel time spent in this place.
 D = Time resting spent in this place.
 E = Time spent auto-exploring this place.
 F = Levels seen in this place.
 G = Mean time per level.
                   A        B        C        D        E       F      G
               +--------+--------+--------+--------+--------+-----+--------+
         Total |  19871 |  18902 |    969 |   1900 |  13601 |  19 | 1045.8 |
       Dungeon |  11949 |  11144 |    805 |    624 |   8933 |  11 | 1086.3 |
        Temple |    180 |    160 |     20 |      0 |    153 |   1 |  180.0 |
          Lair |   5969 |   5827 |    142 |    630 |   4120 |   5 | 1193.8 |
        Bailey |   1148 |   1148 |      0 |    622 |     16 |   1 | 1148.0 |
       Volcano |    624 |    624 |      0 |     24 |    378 |   1 |  624.0 |
               +--------+--------+--------+--------+--------+-----+--------+

Top non-repeatable levels by time:
  Lair:2: 1915 daAuts
  Lair:3: 1584 daAuts
  Lair:1: 1407 daAuts
     D:1: 1365 daAuts
     D:4: 1237 daAuts
     D:5: 1232 daAuts
     D:2: 1152 daAuts
  Bailey: 1148 daAuts
     D:9: 1135 daAuts
     D:7: 1123 daAuts
    D:11: 1101 daAuts
     D:8: 1048 daAuts
  Lair:4: 1002 daAuts
    D:10: 993 daAuts
     D:6: 825 daAuts
